| TOP OF THE 1ST |
|
Vancouver Canadians batting - Pitching for Idaho Falls Chukars : RHP Alex Rivas
|
|
Pitching: RHP Alex Rivas
|
|
|
Batting: RHB Jorge Cruz
|
0-0: Ball 1-0: Called Strike 1-1: Swinging Strike 1-2: Ball 2-2: Ball 3-2: Base on Balls
|
|
Batting: RHB Dan Hilyer
|
0-0: Called Strike Jorge Cruz steals 2nd, throwing error, E2 Jorge Cruz to third 0-1: Called Strike 0-2: Strikes out swinging
|
|
Batting: LHB Tony Vitela
|
0-0: Called Strike 0-1: Swinging Strike 0-2: Ball 1-2: Ball 2-2: Ball 3-2: Strikes out swinging
|
|
Batting: RHB Adam O'Hare
|
0-0: Called Strike 0-1: Swinging Strike 0-2: Strikes out swinging
|
| Top of the 1st over - 0 runs, 0 hits, 1 error, 1 left on base; Vancouver 0 - Idaho Falls 0 |
| BOTTOM OF THE 1ST |
|
Idaho Falls Chukars batting - Pitching for Vancouver Canadians : RHP Jorge Guerrero
|
|
Pitching: RHP Jorge Guerrero
|
|
|
Batting: RHB Shura Mogilny
|
0-0: Ball 1-0: Foul Ball, location: 2F 1-1: Swinging Strike 1-2: Ball 2-2: Strikes out swinging
|
|
Batting: RHB Milanni Isaaka
|
0-0: Foul Ball, location: 2F 0-1: Foul Ball, location: 2F 0-2: Ball 1-2: Strikes out swinging
|
|
Batting: RHB Hugo Chavez
|
0-0: Ball 1-0: Ground out 6-3 (Groundball, 6, EV 77.5 MPH)
|
| Bottom of the 1st over - 0 runs, 0 hits, 0 errors, 0 left on base; Vancouver 0 - Idaho Falls 0 |
| TOP OF THE 2ND |
|
Vancouver Canadians batting - Pitching for Idaho Falls Chukars : RHP Alex Rivas
|
|
Batting: RHB Terry Plumley
|
0-0: Foul Ball, location: 2F 0-1: Ground out 5-3 (Groundball, 5, EV 85.0 MPH)
|
|
Batting: RHB John Rios
|
0-0: Foul Ball, location: 2F 0-1: SINGLE (Groundball, 6D, EV 97.5 MPH)
|
|
Batting: RHB Akira Kubo
|
0-0: Called Strike 0-1: Fielders Choice at 2nd, 4-6 (Groundball, 4, EV 88.1 MPH)
|
|
Batting: RHB Luis Reyes
|
0-0: Ball 1-0: Called Strike 1-1: Swinging Strike 1-2: Strikes out swinging
|
| Top of the 2nd over - 0 runs, 1 hit, 0 errors, 1 left on base; Vancouver 0 - Idaho Falls 0 |
| BOTTOM OF THE 2ND |
|
Idaho Falls Chukars batting - Pitching for Vancouver Canadians : RHP Jorge Guerrero
|
|
Batting: LHB Jayden Pelayo
|
0-0: Called Strike 0-1: Fly out, F7 (Flyball, 7D, EV 97.5 MPH)
|
|
Batting: RHB Tim Williams
|
0-0: Ball 1-0: Ball 2-0: SINGLE (Groundball, 6S, EV 71.2 MPH) (infield hit)
|
|
Batting: SHB Glenn Harrison
|
0-0: Ball Tim Williams is caught stealing 2nd base 2-6 1-0: Called Strike 1-1: Foul Ball, location: 2F 1-2: Ball 2-2: Strikes out swinging
|
| Bottom of the 2nd over - 0 runs, 1 hit, 0 errors, 0 left on base; Vancouver 0 - Idaho Falls 0 |
| TOP OF THE 3RD |
|
Vancouver Canadians batting - Pitching for Idaho Falls Chukars : RHP Alex Rivas
|
|
Batting: RHB Jorge Alva
|
0-0: Called Strike 0-1: Swinging Strike 0-2: Strikes out looking
|
|
Batting: RHB Jorge Cruz
|
0-0: Called Strike 0-1: Ball 1-1: Ground out U3 (Groundball, 3, EV 86.9 MPH)
|
|
Batting: RHB Dan Hilyer
|
0-0: SOLO HOME RUN (Flyball, 7D, EV 104.4 MPH), Distance : 399 ft
|
|
Batting: LHB Tony Vitela
|
0-0: Ball 1-0: Ball 2-0: Foul Ball, location: 2F 2-1: SINGLE (Line Drive, 89S, EV 90.0 MPH)
|
|
Batting: RHB Adam O'Hare
|
0-0: Ball 1-0: Ball 2-0: Called Strike 2-1: Ball Tony Vitela steals 2nd base 3-1: Called Strike 3-2: Foul Ball, location: 2F 3-2: Ground out 5-3 (Groundball, 56, EV 101.2 MPH)
|
| Top of the 3rd over - 1 run, 2 hits, 0 errors, 1 left on base; Vancouver 1 - Idaho Falls 0 |
| BOTTOM OF THE 3RD |
|
Idaho Falls Chukars batting - Pitching for Vancouver Canadians : RHP Jorge Guerrero
|
|
Batting: RHB Juan Nieves
|
0-0: Fly out, F9 (Flyball, 9, EV 88.1 MPH)
|
|
Batting: RHB Bill Cranton
|
0-0: Ball 1-0: SINGLE (Line Drive, 4M, EV 95.6 MPH)
|
|
Batting: RHB Tanner Holland
|
0-0: Ball Bill Cranton is caught stealing 2nd base 2-4 1-0: Called Strike 1-1: Fly out, F8 (Flyball, 8LD, EV 85.0 MPH)
|
| Bottom of the 3rd over - 0 runs, 1 hit, 0 errors, 0 left on base; Vancouver 1 - Idaho Falls 0 |
| TOP OF THE 4TH |
|
Vancouver Canadians batting - Pitching for Idaho Falls Chukars : RHP Alex Rivas
|
|
Batting: RHB Terry Plumley
|
0-0: Foul Ball, location: 2F 0-1: Swinging Strike 0-2: Ball 1-2: Fly out, F9 (Flyball, 89S, EV 92.5 MPH)
|
|
Batting: RHB John Rios
|
0-0: Foul Ball, location: 2F 0-1: Ball 1-1: Called Strike 1-2: Strikes out looking
|
|
Batting: RHB Akira Kubo
|
0-0: Called Strike 0-1: Swinging Strike 0-2: Strikes out swinging
|
| Top of the 4th over - 0 runs, 0 hits, 0 errors, 0 left on base; Vancouver 1 - Idaho Falls 0 |
| BOTTOM OF THE 4TH |
|
Idaho Falls Chukars batting - Pitching for Vancouver Canadians : RHP Jorge Guerrero
|
|
Batting: RHB Shura Mogilny
|
0-0: Ball 1-0: Swinging Strike 1-1: DOUBLE (Line Drive, 78D, EV 114.4 MPH)
|
|
Batting: RHB Milanni Isaaka
|
0-0: Called Strike 0-1: Ball 1-1: Ground out 6-3 (Groundball, 6, EV 106.9 MPH)
|
|
Batting: RHB Hugo Chavez
|
0-0: Ball Shura Mogilny steals 3rd base 1-0: Swinging Strike 1-1: Called Strike 1-2: Foul Ball, location: 2F 1-2: Ball 2-2: Strikes out swinging
|
|
Batting: LHB Jayden Pelayo
|
0-0: Ball 1-0: Ground out U3 (Groundball, 3L, EV 91.2 MPH)
|
| Bottom of the 4th over - 0 runs, 1 hit, 0 errors, 1 left on base; Vancouver 1 - Idaho Falls 0 |
| TOP OF THE 5TH |
|
Vancouver Canadians batting - Pitching for Idaho Falls Chukars : RHP Alex Rivas
|
|
Batting: RHB Luis Reyes
|
0-0: Ball 1-0: Ground out 5-3 (Groundball, 56S, EV 85.6 MPH)
|
|
Batting: RHB Jorge Alva
|
0-0: Bunt - Flyout to 2L! F2
|
|
Batting: RHB Jorge Cruz
|
0-0: Ball 1-0: Fly out, F8 (Flyball, 8LM, EV 95.6 MPH)
|
| Top of the 5th over - 0 runs, 0 hits, 0 errors, 0 left on base; Vancouver 1 - Idaho Falls 0 |
| BOTTOM OF THE 5TH |
|
Idaho Falls Chukars batting - Pitching for Vancouver Canadians : RHP Jorge Guerrero
|
|
Batting: RHB Tim Williams
|
0-0: Called Strike 0-1: Ball 1-1: Ball 2-1: Ball 3-1: SINGLE (Groundball, 56D, EV 101.2 MPH)
|
|
Batting: SHB Glenn Harrison
|
0-0: Called Strike 0-1: Ground out 4-3 (Groundball, 4S, EV 65.6 MPH) Tim Williams to second
|
|
Batting: RHB Juan Nieves
|
0-0: Called Strike 0-1: Ball 1-1: Ball 2-1: Ball 3-1: Foul Ball, location: 2F 3-2: Base on Balls
|
|
Batting: RHB Bill Cranton
|
0-0: Called Strike 0-1: Fly out, F8 (Flyball, 8RXD, EV 93.8 MPH) Runner from 2nd tags up, SAFE at 3rd, no throw by CF
|
|
Batting: RHB Tanner Holland
|
0-0: Called Strike 0-1: Ball 1-1: Ball 2-1: Fly out, F9 (Flyball, 9LM, EV 93.8 MPH)
|
| Bottom of the 5th over - 0 runs, 1 hit, 0 errors, 2 left on base; Vancouver 1 - Idaho Falls 0 |
| TOP OF THE 6TH |
|
Vancouver Canadians batting - Pitching for Idaho Falls Chukars : RHP Alex Rivas
|
|
Batting: RHB Dan Hilyer
|
0-0: Ball 1-0: Ball 2-0: Called Strike 2-1: Ball 3-1: Base on Balls
|
|
Batting: LHB Tony Vitela
|
0-0: Called Strike 0-1: Foul Ball, location: 2F 0-2: Ball 1-2: Ball 2-2: Ball 3-2: Fielders Choice at 2nd, 4-6 (Groundball, 4, EV 90.0 MPH)
|
|
Batting: RHB Adam O'Hare
|
0-0: Called Strike Tony Vitela is caught stealing 2nd base 2-4 0-1: Swinging Strike 0-2: Strikes out swinging
|
| Top of the 6th over - 0 runs, 0 hits, 0 errors, 0 left on base; Vancouver 1 - Idaho Falls 0 |
| BOTTOM OF THE 6TH |
|
Idaho Falls Chukars batting - Pitching for Vancouver Canadians : RHP Jorge Guerrero
|
|
Batting: RHB Shura Mogilny
|
0-0: Ball 1-0: Fly out, F8 (Flyball, 89S, EV 90.6 MPH)
|
|
Batting: RHB Milanni Isaaka
|
0-0: Ball 1-0: Ball 2-0: Fly out, F2 (Popup, 23F, EV 82.5 MPH)
|
|
Batting: RHB Hugo Chavez
|
0-0: Ball 1-0: SINGLE (Line Drive, 7LS, EV 93.1 MPH)
|
|
Batting: LHB Jayden Pelayo
|
0-0: Called Strike 0-1: Foul Ball, location: 2F 0-2: Strikes out swinging
|
| Bottom of the 6th over - 0 runs, 1 hit, 0 errors, 1 left on base; Vancouver 1 - Idaho Falls 0 |
| TOP OF THE 7TH |
|
Vancouver Canadians batting - Pitching for Idaho Falls Chukars : RHP Alex Rivas
|
|
Batting: RHB Terry Plumley
|
0-0: SOLO HOME RUN (Flyball, 7LD, EV 95.0 MPH), Distance : 363 ft
|
|
Batting: RHB John Rios
|
0-0: Ball 1-0: Ball 2-0: Called Strike 2-1: Foul Ball, location: 2F 2-2: Strikes out swinging
|
|
Pitching: RHP Obiniana Gaters
|
|
|
Pinch Hitting: LHB Chris Fandino
|
0-0: Foul Ball, location: 2F 0-1: Ground out 6-3 (Groundball, 56, EV 91.2 MPH)
|
|
Batting: RHB Luis Reyes
|
0-0: Ball 1-0: Foul Ball, location: 2F 1-1: Ball 2-1: Swinging Strike 2-2: Ground out 6-3 (Groundball, 6, EV 83.1 MPH)
|
| Top of the 7th over - 1 run, 1 hit, 0 errors, 0 left on base; Vancouver 2 - Idaho Falls 0 |
| BOTTOM OF THE 7TH |
|
Idaho Falls Chukars batting - Pitching for Vancouver Canadians : RHP Jorge Guerrero
|
|
Now at 1B: Rodrigo Briceno
|
|
|
Now at 3B: Jamie Ogilvie
|
|
|
Now at SS: Luis Reyes
|
|
|
Now in LF: Jorge Baret
|
|
|
Now in CF: Dan Hilyer
|
|
|
Batting: RHB Tim Williams
|
0-0: Called Strike 0-1: Foul Ball, location: 2F 0-2: Ball 1-2: Strikes out swinging
|
|
Batting: SHB Glenn Harrison
|
0-0: Ball 1-0: Ball 2-0: Ground out 5-3 (Groundball, 5, EV 84.4 MPH)
|
|
Batting: RHB Juan Nieves
|
0-0: Ball 1-0: Ground out 4-3 (Groundball, 4, EV 76.2 MPH)
|
| Bottom of the 7th over - 0 runs, 0 hits, 0 errors, 0 left on base; Vancouver 2 - Idaho Falls 0 |
| TOP OF THE 8TH |
|
Vancouver Canadians batting - Pitching for Idaho Falls Chukars : RHP Obiniana Gaters
|
|
Batting: LHB Rodrigo Briceno
|
0-0: SINGLE (Groundball, 34D, EV 105.6 MPH)
|
|
Batting: RHB Jorge Cruz
|
0-0: Bunted foul 0-1: Bunted foul 0-2: Fielders Choice at 2nd, 4-6 (Groundball, 4, EV 90.6 MPH)
|
|
Batting: RHB Dan Hilyer
|
0-0: Called Strike Jorge Cruz steals 2nd base 0-1: Hit by Pitch
|
|
Batting: LHB Tony Vitela
|
0-0: Ball Jorge Cruz steals 3rd base Dan Hilyer to second 1-0: Fly out, F8 (Flyball, 8RM, EV 92.5 MPH)
|
|
Batting: RHB Adam O'Hare
|
0-0: Ball 1-0: Ball 2-0: Ball 3-0: Called Strike 3-1: Base on Balls
|
|
Pitching: LHP Tristan Irwin
|
|
|
Batting: RHB Jorge Baret
|
0-0: Ball 1-0: Foul Ball, location: 2F 1-1: GRAND SLAM HOME RUN (Flyball, 8LXD, EV 105.0 MPH), Distance : 412 ft
|
|
Batting: RHB John Rios
|
0-0: Ball 1-0: Ground out 3-1 (Groundball, 34, EV 88.8 MPH)
|
| Top of the 8th over - 4 runs, 2 hits, 0 errors, 0 left on base; Vancouver 6 - Idaho Falls 0 |
| BOTTOM OF THE 8TH |
|
Idaho Falls Chukars batting - Pitching for Vancouver Canadians : RHP Jorge Guerrero
|
|
Now in LF: Dan Hilyer
|
|
|
Now in CF: Ron de Vos
|
|
|
Batting: RHB Bill Cranton
|
0-0: Ground out 4-3 (Groundball, 4S, EV 88.1 MPH)
|
|
Pinch Hitting: SHB Alex Cavazos
|
0-0: Ball 1-0: Ball 2-0: Called Strike 2-1: Ball 3-1: SINGLE (Groundball, 4D, EV 104.4 MPH)
|
|
Batting: RHB Shura Mogilny
|
0-0: Ball Wild Pitch! Alex Cavazos to second 1-0: Called Strike 1-1: Swinging Strike 1-2: Strikes out looking
|
|
Batting: RHB Milanni Isaaka
|
0-0: Ball 1-0: Foul Ball, location: 2F 1-1: Foul Ball, location: 2F 1-2: Ground out 4-3 (Groundball, 34D, EV 86.9 MPH)
|
| Bottom of the 8th over - 0 runs, 1 hit, 0 errors, 1 left on base; Vancouver 6 - Idaho Falls 0 |
| TOP OF THE 9TH |
|
Vancouver Canadians batting - Pitching for Idaho Falls Chukars : LHP Tristan Irwin
|
|
Now at 3B: Juan Nieves
|
|
|
Now in LF: Alex Cavazos
|
|
|
Batting: RHB Jamie Ogilvie
|
0-0: Ball 1-0: Ball 2-0: Ball 3-0: Base on Balls
|
|
Batting: RHB Luis Reyes
|
0-0: Ball 1-0: Called Strike 1-1: Foul Ball, location: 2F 1-2: Strikes out swinging
|
|
Batting: LHB Rodrigo Briceno
|
0-0: Ball 1-0: Ball 2-0: Called Strike 2-1: Reached on error, E4 (Groundball, 4S, EV 78.1 MPH) Jamie Ogilvie to second
|
|
Batting: RHB Jorge Cruz
|
0-0: Foul Ball, location: 2F 0-1: Foul Ball, location: 2F 0-2: Strikes out looking
|
|
Batting: RHB Dan Hilyer
|
0-0: Called Strike 0-1: Ball 1-1: Ground out 5-3 (Groundball, 56S, EV 60.0 MPH)
|
| Top of the 9th over - 0 runs, 0 hits, 1 error, 2 left on base; Vancouver 6 - Idaho Falls 0 |
| BOTTOM OF THE 9TH |
|
Idaho Falls Chukars batting - Pitching for Vancouver Canadians : RHP Jorge Guerrero
|
|
Now in LF: Jose Ontiveros
|
|
|
Now in RF: Dan Hilyer
|
|
|
Batting: RHB Hugo Chavez
|
0-0: Foul Ball, location: 2F 0-1: Ball 1-1: Swinging Strike 1-2: Foul Ball, location: 2F 1-2: SINGLE (Groundball, 56D, EV 98.1 MPH)
|
|
Batting: LHB Jayden Pelayo
|
0-0: Ball 1-0: Foul Ball, location: 2F 1-1: Swinging Strike 1-2: Grounds out, U3 (Groundball, 3L, EV 105.6 MPH)
|
|
Batting: RHB Tim Williams
|
0-0: Ball 1-0: Ball 2-0: Ball 3-0: Called Strike 3-1: Foul Ball, location: 2F 3-2: Ground out 6-3 (Groundball, 6M, EV 86.9 MPH) Hugo Chavez to third
|
|
Batting: SHB Glenn Harrison
|
0-0: Ball 1-0: DOUBLE (Line Drive, 78D, EV 111.2 MPH) Hugo Chavez scores
|
|
Pitching: RHP Bryan Mattis
|
|
|
Batting: RHB Juan Nieves
|
0-0: Called Strike 0-1: Ball 1-1: Fly out, F8 (Flyball, 8RXD, EV 87.5 MPH)
|
| Bottom of the 9th over - 1 run, 2 hits, 0 errors, 1 left on base; Vancouver 6 - Idaho Falls 1 |
|